 Dungeon Crawl Stone Soup version 0.29.1-4-g47bece8355 (webtiles) character file.

Game seed: 1472159557789560931

38 Descartes the Shield-Bearer (level 3, -3/29 HPs)
             Began as a Formicid Fighter on Dec 11, 2022.
             Slain by a goblin
             ... wielding a +0 dagger
             ... led by Robin
              (4 damage)
             ... on level 2 of the Dungeon.
             The game lasted 00:01:48 (961 turns).

Descartes the Shield-Bearer (Formicid Fighter)       Turns: 961, Time: 00:01:49

Health: -3/29      AC:  6    Str: 20    XL:     3   Next: 65%
Magic:  3/3        EV:  9    Int:  9    God:
Gold:   84         SH:  5    Dex: 13    Spells: 2/2 levels left

rFire   . . .      SeeInvis +   a - +0 war axe
rCold   . . .      Faith    .   c - +0 buckler
rNeg    . . .      Spirit   .   b - +0 scale mail
rPois   .          Reflect  .   (helmet unavailable)
rElec   .          Harm     .   (no cloak)
rCorr   .          Rampage  .   (no gloves)
Will    .....                   (no boots)
Stlth   ..........              i - amulet of magic regeneration
HPRegen 0.09/turn               (no ring)
MPRegen 0.48/turn               (no ring)

@: no status effects
A: permanent stasis, dig shafts and tunnels, antennae 3, four strong arms
a: Dig, Shaft Self


You were on level 2 of the Dungeon.
You visited 1 branch of the dungeon, and saw 2 of its levels.

You collected 84 gold pieces.

Inventory:

Hand Weapons
 a - a +0 war axe (weapon)
Missiles
 j - 10 poisoned darts
 k - 5 boomerangs
Armour
 b - a +0 scale mail (worn)
 c - a +0 buckler (worn)
Jewellery
 i - an amulet of magic regeneration (around neck)
Scrolls
 f - 3 scrolls of identify {unknown}
 h - a scroll of amnesia {unknown}
Potions
 d - a potion of might
 e - a potion of lignification {unknown}
 g - a potion of magic {unknown}


   Skills:
 - Level 3.2 Fighting
 + Level 2.3 Axes
 + Level 3.5 Armour
 + Level 4.4 Shields
 + Level 0.7 Translocations
 + Level 1.1 Earth Magic
 + Level 1.1 Evocations


You had 2 spell levels left.
You didn't know any spells.
Your spell library contained the following spells:

 Spells                   Type           Power      Damage    Failure   Level
 Sublimation of Blood     Necr           0%         N/A       91%         2
 Petrify                  Tmut/Erth      1%         N/A       100%        4
 Irradiate                Conj/Tmut      0%         3d11      100%        5


Dungeon Overview and Level Annotations

Branches:
Dungeon (2/15)

Altars:

Annotations:
D:2 Robin


Innate Abilities, Weirdness & Mutations

You cannot be hasted, slowed, berserked, paralysed or teleported.
You can dig through walls and to a lower floor.
You have a pair of large antennae on your head. (SInv)
Your four strong arms can wield two-handed weapons with a shield.


Message History

You closely miss the goblin. You slash the goblin!
You kill the goblin!
Robin says, "My army is invincible!"
The goblin barely misses you. The goblin closely misses you.
The goblin hits you with a +0 dagger.
You slash the goblin!
You kill the goblin!
You closely miss the goblin. You block the goblin's attack.
Unknown command.
You barely miss the hobgoblin. You hit the goblin. The hobgoblin hits you.
The goblin closely misses you.
The hobgoblin hits you but does no damage.
You block the goblin's attack.
You slash the hobgoblin!
You kill the hobgoblin!
You completely miss the goblin.
Robin says, "Bow before me, strongest of all the hobgoblins!"
Robin throws the goblin at you! The goblin completely misses you.
The goblin hits you with a +0 dagger.
You closely miss the goblin. x2; The goblin hits you with a +0 club.
The goblin hits you with a +0 dagger.
* * * LOW HITPOINT WARNING * * *
The goblin closely misses you. You block the goblin's attack.
Unknown command.
You closely miss the goblin. You barely miss the goblin.
You block the goblin's attack. The goblin hits you with a +0 dagger.
* * * LOW HITPOINT WARNING * * *
You closely miss the goblin. You miss the goblin. The goblin barely misses you.
You block the goblin's attack.
You slash the goblin!
You kill the goblin!
You closely miss the goblin. Robin throws the goblin at you!
The goblin hits you but does no damage. The goblin barely misses you. x2
You closely miss the goblin. x2; The goblin hits you but does no damage.
The goblin closely misses you.
Unknown command.
You closely miss the goblin. x2; The goblin hits you with a +0 club.
* * * LOW HITPOINT WARNING * * *
The goblin hits you with a +0 dagger.
You die...

.....g....# #..# .....gg..#
#..# ..g..{...# #..#
#l.......# # .. #..#
#.{......' { #.###.# #...
#.{{.....# ##.#.#.#.####...
#.{.g..... ...#...#.#<.....
#g{############........#).....
#..g...#glggg@g........#...###
##...l..g######........#......
#....#..# #..........#.###
+.......# #........#.#.#
###....##+######............#
#.........................###
#.#..)......###.###+#.#.###
#.+...........#.......#.# #
#...........#......##.#####


You could see Robin, a hobgoblin (strong), 4 goblins and a frilled lizard.

Vanquished Creatures
  A dart slug (D:1)
  3 endoplasms
  A giant cockroach (D:1)
  6 goblins (D:2)
  4 hobgoblins
  4 jackals
  A quokka (D:1)
  2 ball pythons (D:1)
  A bat (D:1)
  A frilled lizard (D:1)
  3 kobolds
  6 rats (D:1)
33 creatures vanquished.

Vanquished Creatures (others)
  2 minotaurs (D:1)
  An octopode (D:1)
  2 gargoyles (D:1)
  A troll (D:1)
  A dwarf (D:1)
  A tengu (D:1)
  An ogre (D:1)
  2 gnolls (D:1)
  An orc (D:1)
  8 tentacles (D:1)
20 creatures vanquished.

Grand Total: 53 creatures vanquished

Notes
Turn   | Place    | Note
-------+----------+-------------------------------------------
     0 | D:1      | Descartes the Formicid Fighter began the quest for the Orb.
     0 | D:1      | Reached XP level 1. HP: 18/18 MP: 1/1
     0 | D:1      | Noticed a minotaur
     0 | D:1      | Noticed a gargoyle
     0 | D:1      | Noticed a gargoyle
     0 | D:1      | Noticed a dwarf
     0 | D:1      | Noticed a tengu
     0 | D:1      | Noticed a troll
     0 | D:1      | Noticed a kraken
     0 | D:1      | Noticed an octopode
     0 | D:1      | Noticed a minotaur
     0 | D:1      | Noticed an ogre
     3 | D:1      | Killed a tengu
     4 | D:1      | Killed a gargoyle
     8 | D:1      | Killed an octopode
     9 | D:1      | Killed a gargoyle
    10 | D:1      | Killed an ogre
    13 | D:1      | Killed a minotaur
    14 | D:1      | Killed a dwarf
    15 | D:1      | Killed a troll
    15 | D:1      | Killed a minotaur
    93 | D:1      | Reached XP level 2. HP: 24/24 MP: 2/2
   368 | D:1      | Found a faded altar of an unknown god.
   689 | D:1      | Reached XP level 3. HP: 29/29 MP: 3/3
   738 | D:1      | Reached skill level 1 in Evocations
   873 | D:2      | Reached skill level 1 in Earth Magic
   930 | D:2      | Noticed Robin
   961 | D:2      | HP: 1/29 [goblin/+0 club[Robin] (5)]
   961 | D:2      | Slain by a goblin

Illustrated notes

Levels and vault maps discovered:
D:1:      nicolae_arrival_kraken_aquarium_a, layout_loops_ring,
          basic_ecumenical_altar, chequers_mini_garden,
          nicolae_concentric_dashed_squares_wild, st_stairs_8, minmay_unequal
D:2:      layout_basic, minmay_worlds_worst_comb, uniq_robin, uniq_terence,
          uniq_crazy_yiuf_cottage

Skill      XL: |  1  2  3 |
---------------+----------+-----
Evocations     | 1 |  1.1
Earth Magic    | 1 |  1.1
Fighting       | |  3.2
Axes           | |  2.3
Armour         | |  3.5
Shields        | |  4.4
Translocations | |  0.7

Action                   || total
-------------------------++-------
Melee: War axe           ||    72
 Abil: Dig               ||     1
Armor: Scale mail        ||    35
Dodge: Dodged            ||    41
Block: Buckler           ||    20
